 Dungeon Crawl Stone Soup version 0.26.1-10-gdfb7c7de75 (webtiles) character file.

Game seed: 16462917742126689578

70 Chiseanne the Magician (level 4, -2/30 HPs)
             Began as a Demonspawn Hedge Wizard on Apr 9, 2021.
             Slain by a gnoll
             ... wielding a +0 hand axe
              (11 damage)
             ... on level 2 of the Dungeon.
             The game lasted 00:02:51 (2291 turns).

Chiseanne the Magician (Demonspawn Hedge Wizard)    Turns: 2291, Time: 00:02:51

Health: -2/30      AC:  6    Str: 10    XL:     4   Next: 4%
Magic:  1/9        EV: 12    Int: 16    God:
Gold:   48         SH:  0    Dex: 13    Spells: 9/10 levels left

rFire    . . .     SeeInvis .   a - +0 short sword
rCold    . . .     Faith    .   (no shield)
rNeg     . . .     Spirit   .   b - +1 robe
rPois    .         Reflect  .   c - +0 hat
rElec    .         Harm     .   (no cloak)
rCorr    .         Rampage  .   m - +1 pair of gloves {archery}
Will     .....                  n - +0 pair of boots
Stlth    ++........             (no amulet)
HPRegen  0.10/turn              (no ring)
MPRegen  0.11/turn              (no ring)

@: no status effects
A: powered by pain 1
a: no special abilities


You were on level 2 of the Dungeon.
You visited 1 branch of the dungeon, and saw 2 of its levels.

You collected 48 gold pieces.

Inventory:

Hand Weapons
 a - a +0 short sword (weapon)
Missiles
 g - 51 stones
 i - 13 bolts
 j - 52 arrows
Armour
 b - a +1 robe (worn)
 c - a +0 hat (worn)
 h - a +0 tower shield
 m - a +1 pair of gloves of archery (worn)
 n - a +0 pair of boots (worn)
Scrolls
 d - a scroll of magic mapping
 k - a scroll of enchant weapon {unknown}
 l - 2 scrolls of identify
Potions
 e - 3 potions of curing
 f - 2 potions of mutation {unknown}
 o - a potion of haste {unknown}


   Skills:
 - Level 1.7 Dodging
 - Level 1.7 Stealth
 * Level 3.9 Spellcasting
 * Level 2.8 Conjurations
 - Level 1.0 Summonings
 - Level 0.8 Translocations


You had 9 spell levels left.
You knew the following spells:

 Your Spells              Type           Power        Failure   Level
a - Magic Dart            Conj           48%          5%          1

Your spell library contained the following spells:

 Spells                   Type           Power        Failure   Level
 Call Imp                 Summ           6%           17%         2
 Blink                    Tloc           N/A          19%         2
 Slow                     Hex            3%           26%         2
 Conjure Flame            Conj/Fire      7%           28%         3
 Mephitic Cloud           Conj/Pois/Air  6%           34%         3


Dungeon Overview and Level Annotations

Branches:
Dungeon (2/15)

Altars:
Elyvilon


Innate Abilities, Weirdness & Mutations

You sometimes gain a little power by taking damage.


Message History

Press: ? - help, Shift-Dir - straight line, f/p - gnoll
Aim: a gnoll, wielding a +0 spear (almost dead, 0% to evade)
The magic dart hits the gnoll but does no damage.
The gnoll is almost dead.
The gnoll closely misses you.
Casting: Magic Dart (safe; 5% risk of failure)
Confirm with . or Enter, or press ? or * to list all spells.
You don't have enough magic to cast that spell.
Casting: Magic Dart (safe; 5% risk of failure)
Confirm with . or Enter, or press ? or * to list all spells.
You don't have enough magic to cast that spell.
Casting: Magic Dart (safe; 5% risk of failure)
Confirm with . or Enter, or press ? or * to list all spells.
You don't have enough magic to cast that spell.
The gnoll hits you with a +0 spear.
* * * LOW HITPOINT WARNING * * *
You barely miss the gnoll.
The gnoll is severely wounded.
The gnoll hits you with a +0 hand axe!
You die...

#.# #.# ## #.# .# #.# .#
###########>########### .#
#.........#..†.....[..# .#
#.#######.#.#########.# .#
#..........# ##.# .#
#...@....#..###..# .#
##.#g#g#.#.#.#.#.## .#
#.................# .#
.####.#.#.#.#.#.#.#.## .#
.##..................# .#
#.##.#.#.#.#.#.#.#.#.##### ##
##..........................
######..g..##.#.#.#.#.#.#.#.####.
#.....g...............<.÷....###.


You could see 2 gnolls.

Vanquished Creatures
  A gnoll (D:2)
  2 adders (D:2)
  2 dart slugs
  A leopard gecko (D:2)
  5 bats
  3 giant cockroaches
  4 goblins
  3 hobgoblins (D:1)
  5 jackals
  A quokka (D:2)
  3 frilled lizards
  2 kobolds (D:1)
  3 rats (D:1)
35 creatures vanquished.

Notes
Turn   | Place    | Note
-------+----------+-------------------------------------------
     0 | D:1      | Chiseanne the Demonspawn Hedge Wizard began the quest for
                  | the Orb.
     0 | D:1      | Reached XP level 1. HP: 13/13 MP: 4/4
   389 | D:1      | Gained mutation: You sometimes gain a little power by
                  | taking damage. [demonic ancestry]
   389 | D:1      | Reached XP level 2. HP: 19/19 MP: 1/6
  1513 | D:2      | Reached XP level 3. HP: 24/24 MP: 5/8
  1608 | D:2      | Found a white marble altar of Elyvilon.
  2207 | D:2      | Reached XP level 4. HP: 28/30 MP: 3/9
  2291 | D:2      | Slain by a gnoll

Illustrated notes

Levels and vault maps discovered:
D:1:      dpeg_arrival_rooms_with_view, layout_basic
D:2:      layout_loops_corners, lemuel_doored_altar, st_stairs_11,
          hangedman_abyss_or_decor_stabs

Skill      XL: |  1  2 |
---------------+-------+-----
Conjurations   | 2 |  2.8
Dodging        | |  1.7
Stealth        | |  1.7
Spellcasting   | |  3.9
Summonings     | |  1.0
Translocations | |  0.8

Action                   |  1- 3 |  4- 6 || total
-------------------------+-------+-------++-------
Melee: Dagger            |    18 |       ||    18
       Short sword       |     8 |     1 ||     9
 Cast: Magic Dart        |    83 |    10 ||    93
  Use: Scroll            |     4 |       ||     4
Armor: Robe              |     9 |     1 ||    10
Dodge: Dodged            |    28 |     1 ||    29
